 Dungeon Crawl Stone Soup version 0.31.0-32-g396128a36d (webtiles) character file.

Game seed: 14752981897697521892

1803 safid the Grappler (level 8, -2/63 HPs)
             Began as a Purple Draconian Shapeshifter on Apr 2, 2024.
             Was a Believer of Okawaru.
             Slain by an orc warrior
             ... wielding a +0 battleaxe
              (18 damage)
             ... on level 5 of the Dungeon.
             The game lasted 00:08:42 (4431 turns).

safid the Grappler (Purple Draconian Shapeshifter)  Turns: 4431, Time: 00:08:43

Health: -2/63      AC:  6    Str: 18    XL:     8   Next: 83%
Magic:  8/8        EV: 12    Int: 12    God:    Okawaru [**....]
Gold:   269        SH:  0    Dex: 10    Spells: 7/7 levels left

rFire   . .          .
                       - Unarmed
rCold   + . .        (no shield)
rNeg    . . .        (body armour unavailable)
rPois   +            (helmet currently unavailable)
rElec   .            (cloak currently unavailable)
rCorr   .            (gloves currently unavailable)
SInv    .            (boots currently unavailable)
Will    +....        (no amulet)
Stlth   +            p - ring of protection from cold
HPRegen 0.30/turn    q - ring of poison resistance
MPRegen 0.11/turn

%: no passive effects
@: beast-form
A: beast (slay +3), breathe power, AC +6, unfitting armour, cold-blooded
a: Breathe Dispelling Energy, Begin Untransformation, Renounce Religion, Heroism


You were on level 5 of the Dungeon.
You worshipped Okawaru.
Okawaru was pleased with you.
You were a hulking beast.
You visited 2 branches of the dungeon, and saw 6 of its levels.

You collected 295 gold pieces.
You spent 26 gold pieces at shops.

Inventory:

Missiles
 f - 11 javelins (quivered)
Jewellery
 p - a ring of protection from cold (left hand)
 q - a ring of poison resistance (right hand)
Talismans
 b - a beast talisman
 c - a flux talisman
Wands
 a - a wand of mindburst (12)
 e - a wand of flame (24)
Scrolls
 g - 6 scrolls of identify
 i - 4 scrolls of amnesia
 j - 4 scrolls of teleportation
 r - 2 scrolls of torment {unknown}
 s - a scroll of blinking {unknown}
 t - a scroll of acquirement {unknown}
 u - a scroll of vulnerability {unknown}
 w - a scroll of summoning {unknown}
 y - a scroll of fear {unknown}
Potions
 h - a potion of enlightenment {unknown}
 k - a potion of resistance {unknown}
 l - a potion of invisibility {unknown}
 m - a potion of degeneration {unknown}
 n - a potion of brilliance {unknown}
 o - a potion of attraction {unknown}
 v - a potion of might {unknown}
 x - a potion of haste {unknown}


   Skills:
 + Level 3.5 Fighting
 - Level 2.0 Dodging
 + Level 9.3 Unarmed Combat
 * Level 6.7 Shapeshifting


You had 7 spell levels left.
You didn't know any spells.
Your spell library contained the following spells:

 Spells                   Type           Power      Damage    Failure   Level
 Ensorcelled Hibernation  Hex/Ice        0%         N/A       45%         2
 Passwall                 Erth           0%         N/A       69%         3
 Swiftness                Air            0%         N/A       69%         3


Dungeon Overview and Level Annotations

Branches:
Dungeon (5/15)             Temple (1/1) D:4

Altars:
Ashenzari
Cheibriados
Elyvilon
Gozag
Kikubaaqudgha
Makhleb
Nemelex Xobeh
Okawaru
Sif Muna
Trog
Uskayaw
Vehumet
Xom
Yredelemnul
Zin
The Shining One

Shops:
D:4 ([[*


Innate Abilities, Weirdness & Mutations

You are a hulking beast.
Your limbs bulge with bestial killing power. (Slay +3)
You can breathe bolts of dispelling energy.
Your rich purple scales are hard. (AC +6)
You cannot fit into any form of body armour.
You are cold-blooded and may be slowed by cold attacks.


Message History

a +0 dagger; a +0 robe; an orc corpse A river rat and a rat come into view.
Found a book of Fire.
The orc wizard gestures wildly while chanting.
The orc wizard flickers and vanishes!
Deactivating autopickup; reactivate with Ctrl-A.
The orc warrior hits you with a +0 battleaxe!
You hear a loud squeak.
Unknown command.
You completely miss the orc warrior.
You tail-slap the orc warrior, but do no damage.
You hit the orc warrior.
The orc warrior is moderately wounded.
The orc warrior hits you with a +0 battleaxe.
You hit the orc warrior.
Your tail-slap misses the orc warrior.
The orc warrior is heavily wounded.
A river rat comes into view.
The orc warrior hits you with a +0 battleaxe!
A rat comes into view.
You closely miss the orc warrior.
The orc warrior is heavily wounded.
The river rat squeaks loudly.
The orc warrior closely misses you.
You hit the orc warrior.
The orc warrior is heavily wounded.
The orc warrior hits you with a +0 battleaxe!!
* * * LOW HITPOINT WARNING * * *
You closely miss the orc warrior.
The orc warrior is heavily wounded.
A quokka comes into view.
The orc warrior hits you with a +0 battleaxe!
* * * LOW HITPOINT WARNING * * *
Unknown command.
You feel much better.
A quokka comes into view.
The river rat bites you.
* * * LOW HITPOINT WARNING * * *
An ice beast comes into view.
The orc warrior hits you with a +0 battleaxe!!
You die...

##..##. ####### ##...#..
r #....##. r# ##.....##
rr ## ####......## #.
.## ##.##.##....#
#Yr##r##r###.#...##.....
#..{oh)##.#.##..#.....
#..o###..#.####.......
#.#. ###### #...##... #.
#........ #: #.#...#.. #
#.#...#.. #....##..
#........ #......#.


You could see an orc warrior, an ice beast, 3 river rats, an orc, 2 quokkas and
2 rats.

Vanquished Creatures
  Pikel (D:4)
  Sigmund (D:3)
  A water moccasin (D:5)
  Duvessa (D:4)
  3 black bears (D:5)
  A lemure (D:4)
  A scorpion (D:5)
  Dowan (D:4)
  A howler monkey (D:5)
  2 orc priests
  2 hounds (D:5)
  Ijyb (D:3)
  Terence (D:2)
  3 iguanas
  7 orc wizards
  6 adders
  5 ribbon worms
  3 dart slugs
  23 orcs
  3 bats
  6 endoplasms
  5 giant cockroaches
  8 goblins
  4 hobgoblins
  9 jackals
  2 quokkas
  10 ball pythons
  3 frilled lizards (D:1)
  3 kobolds
  3 rats
120 creatures vanquished.

Notes
Turn   | Place    | Note
-------+----------+-------------------------------------------
     0 | D:1      | safid the Draconian Shapeshifter began the quest for the
                  | Orb.
     0 | D:1      | Reached XP level 1. HP: 16/16 MP: 1/1
    85 | D:1      | Reached XP level 2. HP: 16/23 MP: 2/2
   194 | D:1      | Found a faded altar of an unknown god.
   648 | D:2      | Reached XP level 3. HP: 28/28 MP: 3/3
  1128 | D:2      | Noticed Terence
  1146 | D:2      | Killed Terence
  1147 | D:2      | Reached skill level 4 in Unarmed Combat
  1147 | D:2      | Reached XP level 4. HP: 7/35 MP: 4/4
  1492 | D:3      | Noticed Ijyb
  1508 | D:3      | Killed Ijyb
  1671 | D:3      | Reached XP level 5. HP: 40/40 MP: 5/5
  1965 | D:3      | Reached skill level 5 in Unarmed Combat
  2180 | D:3      | Noticed Sigmund
  2197 | D:3      | Killed Sigmund
  2198 | D:3      | Reached XP level 6. HP: 35/48 MP: 6/6
  2460 | D:4      | Found Siul's Armour Shop.
  2921 | D:4      | Found Vuhogety's Weapon Emporium.
  2975 | D:4      | Reached skill level 6 in Unarmed Combat
  3020 | D:4      | Found Jepil's General Store.
  3024 | D:4      | Bought a scroll of identify for 26 gold pieces
  3044 | D:4      | Found a staircase to the Ecumenical Temple.
  3113 | Temple   | Entered the Ecumenical Temple
  3140 | Temple   | Became a worshipper of Warmaster Okawaru
  3248 | D:4      | Noticed Pikel
  3248 | D:4      | Noticed Duvessa
  3250 | D:4      | Noticed Dowan
  3263 | D:4      | Killed Duvessa
  3264 | D:4      | Reached skill level 5 in Shapeshifting
  3264 | D:4      | Your scales start taking on a rich purple colour.
  3264 | D:4      | Reached XP level 7. HP: 56/56 MP: 7/7
  3269 | D:4      | Killed Dowan
  3284 | D:4      | Killed Pikel
  3284 | D:4      | Reached * piety under Okawaru
  3285 | D:4      | Reached skill level 7 in Unarmed Combat
  3285 | D:4      | Reached XP level 8. HP: 11/62 MP: 8/8
  3594 | D:4      | Found Fehuec's Armour Shoppe.
  3621 | D:5      | Entered Level 5 of the Dungeon
  3656 | D:4      | Reached skill level 8 in Unarmed Combat
  4070 | D:5      | Reached skill level 9 in Unarmed Combat
  4180 | D:5      | Reached ** piety under Okawaru
  4431 | D:5      | Slain by an orc warrior

Illustrated notes

Levels and vault maps discovered:
D:1:      minmay_arrival_pointy, layout_rooms,
          hellmonk_ecumenical_altar_arch_garden, serial_park_tiny_1
D:2:      layout_loops_ring, uniq_terence
D:3:      layout_loops_ring, serial_aquarium, aquarium_bridge_square
          [aquarium_subvault_wall, aquarium_subvault_bridge,
          aquarium_subvault_window, aquarium_subvault_wall],
          aquarium_window_corridor_1, aquarium_window_2, aquarium_view_2d,
          aquarium_view_2a, aquarium_pool_1, uniq_ijyb, uniq_sigmund
D:4:      layout_basic, minmay_temple_entry_mini_moons, serial_shops, shop,
          shop, shop, nicolae_shop_waterfront, chequers_serial_rivers_room_b,
          uniq_duvessa, uniq_pikel
D:5:      lemuel_ratsnest, layout_cave_pools, minmay_curled_crystal,
          minivault_4, st_stairs_14
Temple:   nicolae_temple_elliptical

Skill      XL: |  1  2  3  4  5  6  7  8 |
---------------+-------------------------+-----
Dodging        | 2 |  2.0
Unarmed Combat | 4 5 6 7 9 |  9.3
Shapeshifting  | 4 5 6 |  6.7
Fighting       | 2 3 |  3.5

Action                     |  1- 3 |  4- 6 |  7- 9 || total
---------------------------+-------+-------+-------++-------
  Melee: Unarmed           |   109 |   152 |   107 ||   368
         Tailslap          |    12 |    20 |    19 ||    51
         Punch             |     2 |     1 |     3 ||     6
    Use: Potion            |       |     6 |     2 ||     8
         Scroll            |       |     2 |       ||     2
   Stab: Sleeping          |       |     1 |       ||     1
 Armour: Skin              |    71 |    92 |    80 ||   243
  Dodge: Dodged            |    74 |    68 |    55 ||   197
